 Dungeon Crawl Stone Soup version 0.29.1-12-g30fa7ad0bf (webtiles) character file.

Game seed: 13020331333012065584

156 Feihao the Trooper (level 5, -10/34 HPs)
             Began as a Gargoyle Fighter on Jan 4, 2023.
             Mangled by a yak (11 damage)
             ... on level 3 of the Dungeon.
             The game lasted 00:08:55 (2769 turns).

Feihao the Trooper (Gargoyle Fighter)               Turns: 2769, Time: 00:08:55

Health: -10/34     AC: 14    Str: 19    XL:     5   Next: 38%
Magic:  0/5        EV:  7    Int:  9    God:
Gold:   116        SH:  4    Dex: 11    Spells: 4/4 levels left

rFire   . . .      SeeInvis .   a - +0 war axe
rCold   . . .      Faith    .   c - +0 buckler
rNeg    + . .      Spirit   +   n - +0 chain mail
rPois   ∞          Reflect  .   (no helmet)
rElec   +          Harm     .   (no cloak)
rCorr   .          Rampage  .   e - +0 pair of gloves
Will    .....                   (no boots)
Stlth   ..........              f - amulet of guardian spirit
HPRegen 0.11/turn               (no ring)
MPRegen 0.09/turn               (no ring)

@: no status effects
A: sickness immunity, AC +4, negative energy resistance 1, electricity
resistance, torment resistance 1, petrification resistance
a: no special abilities


You were on level 3 of the Dungeon.
You visited 1 branch of the dungeon, and saw 4 of its levels.

You collected 116 gold pieces.

Inventory:

Hand Weapons
 a - a +0 war axe (weapon)
Missiles
 m - 5 stones
 q - 4 javelins (quivered)
Armour
 b - a +0 scale mail
 c - a +0 buckler (worn)
 e - a +0 pair of gloves (worn)
 n - a +0 chain mail (worn)
Jewellery
 f - an amulet of guardian spirit (around neck)
Scrolls
 h - 3 scrolls of fog {unknown}
 i - a scroll of teleportation {unknown}
 k - 2 scrolls of identify {unknown}
 l - 2 scrolls of amnesia {unknown}
 o - a scroll of enchant armour {unknown}
 p - a scroll of brand weapon {unknown}
 r - a scroll of poison {unknown}
Potions
 d - a potion of might
 g - a potion of curing {unknown}
 j - a potion of invisibility {unknown}


   Skills:
 + Level 4.5 Fighting
 + Level 3.0 Axes
 + Level 4.4 Armour
 - Level 0.1 Dodging
 - Level 3.6 Shields


You had 4 spell levels left.
You didn't know any spells.
Your spell library contained the following spells:

 Spells                   Type           Power      Damage    Failure   Level
 Beastly Appendage        Tmut           0%         N/A       99%         1
 Blink                    Tloc           0%         N/A       100%        2
 Wereblood                Tmut           0%         N/A       100%        2
 Spider Form              Tmut/Pois      0%         N/A       100%        3
 Manifold Assault         Tloc           0%         N/A       100%        5
 Storm Form               Tmut/Air       0%         N/A       100%        7


Dungeon Overview and Level Annotations

Branches:
Dungeon (4/15)
 Temple: D:4-7

Altars:
Elyvilon

Shops:
D:1 [   D:3 :


Innate Abilities, Weirdness & Mutations

You are immune to sickness and miasma.
Your stone body is resilient. (AC +4)
You are immune to poison.
You resist negative energy. (rN+)
You are resistant to electric shocks. (rElec)
You are resistant to unholy torment.
You are immune to petrification.


Message History

The yak closely misses you.
You slash the yak!
The yak is moderately wounded.
The yak gores you!
You closely miss the yak.
The yak is moderately wounded.
The yak gores you. You block the yak's attack.
You hit the yak but do no damage.
The yak is moderately wounded.
The yak barely misses you. The yak attacks as you move away!
The yak gores you but does no damage.
There is a stone staircase leading up here.
You can't go down here!
The yak barely misses you.
You climb upwards.
There is a stone staircase leading down here.
You barely miss the yak.
The yak is moderately wounded.
The yak barely misses you.
You barely miss the yak.
The yak is moderately wounded.
The yak gores you but does no damage. The yak gores you.
You barely miss the yak.
The yak is moderately wounded.
The yak gores you.
You barely miss the yak.
The yak is moderately wounded.
The yak gores you!
* * * LOW HITPOINT WARNING * * *
The yak gores you but does no damage.
You barely miss the yak.
The yak is moderately wounded.
The yak gores you but does no damage.
You hit the yak.
The yak is moderately wounded.
The yak gores you!
* * * LOW HITPOINT WARNING * * *
You block the yak's attack. The yak attacks as you move away!
The yak gores you!
You die...

######### #.......######
#............# #.......####.#
#.......# #.####### #.......#
#.#......
##############.......####.###.###
................@>..........#.###
############....#Y.######.......#
## #........#<#####...#.# .#
#....#.###.....).....# .####
#..................#..
....########....#.###########.#.#
............#####.# #.#..
####.#......#####.# #.### #
#.#............# #.###


You could see a yak.

Vanquished Creatures
  A jelly (D:4)
  3 gnolls (D:3)
  3 adders
  A worm (D:2)
  A dart slug (D:1)
  4 orcs (D:3)
  5 ball pythons
  8 endoplasms
  5 giant cockroaches
  5 goblins
  8 hobgoblins
  3 kobolds
  5 bats
  A frilled lizard (D:3)
  7 rats
60 creatures vanquished.

Vanquished Creatures (others)
  5 toadstools (D:1)
5 creatures vanquished.

Grand Total: 65 creatures vanquished

Notes
Turn   | Place    | Note
-------+----------+-------------------------------------------
     0 | D:1      | Feihao the Gargoyle Fighter began the quest for the Orb.
     0 | D:1      | Reached XP level 1. HP: 14/14 MP: 1/1
    84 | D:1      | Found Gonav's Antique Armour Shop.
   262 | D:1      | Reached XP level 2. HP: 14/19 MP: 2/2
   661 | D:1      | Reached XP level 3. HP: 21/24 MP: 3/3
  1310 | D:2      | Found a faded altar of an unknown god.
  1687 | D:3      | Reached XP level 4. HP: 29/29 MP: 4/4
  2329 | D:3      | Reached XP level 5. HP: 31/34 MP: 5/5
  2435 | D:3      | Found Vyuqup's Book Shop.
  2558 | D:3      | Found a white marble altar of Elyvilon.
  2731 | D:4      | Noticed a yak
  2767 | D:3      | HP: 1/34 [yak (7)]
  2769 | D:3      | Mangled by a yak

Illustrated notes

Levels and vault maps discovered:
D:1:      ldierk_walled_garden, layout_loops_ring, serial_shops,
          nicolae_lakefront_shop, st_stairs_2, minmay_tetromino_s2
D:2:      layout_rooms, hellmonk_ecumenical_altar_inner_sanctum,
          amethyst_killhole, grunt_decor_resistance
D:3:      layout_basic, nicolae_elyvilon_temple_path, serial_shops,
          nicolae_lakefront_shop
D:4:      layout_basic, minivault_19, minmay_manual_monstrance

Skill      XL: |  1  2  3  4  5 |
---------------+----------------+-----
Axes           | 2 3 |  3.0
Fighting       | 4 |  4.5
Armour         | 4 |  4.4
Dodging        | |  0.1
Shields        | |  3.6

Action                   |  1- 3 |  4- 6 || total
-------------------------+-------+-------++-------
Melee: War axe           |    95 |    79 ||   174
Throw: Stone             |     3 |     1 ||     4
Armor: Scale mail        |    38 |       ||    38
       Chain mail        |     8 |    52 ||    60
Dodge: Dodged            |    41 |    31 ||    72
Block: Buckler           |    23 |    18 ||    41
